 Dungeon Crawl Stone Soup version 0.27.1-34-g3ba077fa99 (webtiles) character file.

Game seed: 11596938563439552212

6958 Orthodox the Arsonist (level 10, -7/63 HPs)
             Began as a Demonspawn Fire Elementalist on Jan 21, 2022.
             Was an Elder of Vehumet.
             Mangled by a freezing wraith (11 damage)
             ... on level 9 of the Dungeon.
             The game lasted 01:20:49 (17760 turns).

Orthodox the Arsonist (DsFE)                       Turns: 17760, Time: 01:20:53

Health: -7/63      AC:  8    Str:  8    XL:     10   Next: 81%
Magic:  0/16       EV: 12    Int: 26    God:    Vehumet [****..]
Gold:   731        SH: 11    Dex: 14    Spells: 1/17 levels left

rFire    . . .     SeeInvis .   E - +3 short sword (freeze)
rCold    . . .     Faith    .   m - +0 buckler
rNeg     . . .     Spirit   +   p - +0 steam dragon scales
rPois    .         Reflect  .   (helmet restricted)
rElec    .         Harm     .   A - +0 cloak
rCorr    .         Rampage  .   y - +0 pair of gloves
Will     .....                  (no boots)
Stlth    ++........             (no amulet)
HPRegen  0.20/turn              x - +6 ring of intelligence
MPRegen  0.30/turn              k - ring of flight

@: weak-willed, flying, slowed, very slow
A: antennae 2, large bone plates 2, magic shield, magic regeneration
a: Renounce Religion


You were on level 9 of the Dungeon.
You worshipped Vehumet.
Vehumet was greatly pleased with you.
You visited 2 branches of the dungeon, and saw 10 of its levels.

You collected 832 gold pieces.
You spent 101 gold pieces at shops.

Inventory:

Hand Weapons
 E - a +3 short sword of freezing (weapon)
Armour
 m - a +0 buckler (worn)
 p - +0 steam dragon scales (worn)
 y - a +0 pair of gloves (worn)
 A - a +0 cloak (worn)
 B - a +3 ring mail
Jewellery
 k - a ring of flight (right hand)
 x - a +6 ring of intelligence (left hand)
Wands
 h - a wand of flame (23)
 t - a wand of iceblast (9)
 w - a wand of digging (4)
Scrolls
 d - 2 scrolls of enchant weapon
 e - a scroll of teleportation
 f - 2 scrolls of immolation
 j - 2 scrolls of enchant armour
 n - 2 scrolls of vulnerability
 s - 3 scrolls of amnesia
 v - a scroll of noise
Potions
 b - 2 potions of curing
 c - 2 potions of brilliance {unknown}
 l - a potion of attraction {unknown}
 o - a potion of lignification {unknown}
 q - 3 potions of haste {unknown}
 r - 3 potions of heal wounds {unknown}
 u - 2 potions of resistance {unknown}
 z - a potion of magic {unknown}
 D - 3 potions of might {unknown}


   Skills:
 + Level 3.7 Armour
 - Level 1.7 Dodging
 - Level 1.7 Stealth
 + Level 3.7 Shields
 - Level 4.0 Spellcasting
 - Level 10.0 Conjurations
 - Level 10.6 Fire Magic


You had one spell level left.
You knew the following spells:

 Your Spells              Type           Power      Damage    Failure   Level
a - Foxfire               Conj/Fire      100%       2x1d9     1%          1
b - Conjure Flame         Conj/Fire      56%        6-21      1%          3
c - Sticky Flame          Conj/Fire      56%        2d7       1%          4
d - Fireball              Conj/Fire      28%        3d12      1%          5
e - Stone Arrow           Conj/Erth      62%        3d10      1%          3

Your spell library contained the following spells:

 Spells                   Type           Power      Damage    Failure   Level
 Irradiate                Conj/Tmut      15%        3d18      9%          5
 Animate Skeleton         Necr           10%        N/A       9%          1
 Apportation              Tloc           10%        N/A       9%          1
 Beastly Appendage        Tmut           10%        N/A       9%          1
 Pain                     Necr           20%        1d5       9%          1
 Inner Flame              Hex/Fire       32%        N/A       1%          3
 Poisonous Vapours        Pois/Air       10%        N/A       3%          2
 Corpse Rot               Necr/Air       N/A        N/A       13%         2
 Wereblood                Tmut           5%         N/A       13%         2
 Freezing Cloud           Conj/Ice/Air   11%        6-21      16%         5
 Call Canine Familiar     Summ           5%         N/A       26%         3
 Portal Projectile        Hex/Tloc       10%        N/A       26%         3
 Spider Form              Tmut/Pois      2%         N/A       26%         3
 Vampiric Draining        Necr           2%         2d6       26%         3
 Animate Armour           Summ/Erth      10%        N/A       65%         4
 Leda's Liquefaction      Hex/Erth       2%         N/A       65%         4
 Alistair's Intoxication  Tmut/Pois      3%         N/A       94%         5
 Invisibility             Hex            2%         N/A       100%        6
 Lehudib's Crystal Spear  Conj/Erth      15%        10d5      100%        8


Dungeon Overview and Level Annotations

Branches:
Dungeon (9/15)             Temple (1/1) D:4
   Lair: D:8-11         Orc: D:9-12

Altars:
Ashenzari
Cheibriados
Dithmenos
Elyvilon
Fedhas
Gozag
Hepliaklqana
Makhleb
Nemelex Xobeh
Okawaru
Qazlal
Ru
Sif Muna
Trog
Uskayaw
Vehumet
Wu Jian
Xom
Yredelemnul
Zin
The Shining One

Shops:
D:3 *   D:8 **


Innate Abilities, Weirdness & Mutations

You have a pair of antennae on your head.
You are mostly covered in large bone plates. (SH +6)
When hurt, damage is shared between your health and your magic reserves.
You regenerate magic rapidly.


Message History

The floor.
Unknown command.
Okay, then.
Okay, then.
Okay, then.
Unknown command.
Unknown command.
You fly downwards.
You block the freezing wraith's attack. The freezing wraith closely misses you.
There is a stone staircase leading up, spattered with blood here.
Casting: Foxfire (safe; 1% risk of failure)
Confirm with . or Enter, or press ? or * to list all spells.
Aiming: Sticky Flame (safe; 1% risk of failure)
Press: ? - help, Shift-Dir - straight line, f - freezing wraith
Aim: a freezing wraith (100% to hit)
The sticky flame hits the freezing wraith!
The freezing wraith is burned terribly!
The freezing wraith is lightly damaged.
The freezing wraith hits you! The freezing wraith freezes you!!
The freezing wraith hits you but does no damage.
Items here: )) [[.
You block the freezing wraith's attack. The freezing wraith hits you.
As you read the scroll labelled UTZIDOE ROPNEA, it crumbles to dust.
You feel aware of your surroundings.
You sensed 1 altar.
It was a scroll of magic mapping.
The freezing wraith hits you! The freezing wraith freezes you!
You block the freezing wraith's attack.
As you read the scroll labelled RAECSISOIRI, it crumbles to dust.
The two-headed ogre shouts in stereo!
Magic quickly surges around you.
It was a scroll of vulnerability.
You block the freezing wraith's attack. The freezing wraith hits you!
* * * LOW HITPOINT WARNING * * *
The freezing wraith drains your vigour!
You feel yourself slow down.
As you read the scroll labelled VEUH JIKHAADGHA, it crumbles to dust.
You hear a loud clanging noise!
It was a scroll of noise.
The freezing wraith hits you.
* * * LOW HITPOINT WARNING * * *
The freezing wraith freezes you!
* * * LOW HITPOINT WARNING * * *
You block the freezing wraith's attack. The freezing wraith hits you!
You die...

########### ***#.........#
*,*#.#######.# **,#.# #.# **.^#
#.# #################.#* #.###
#(..........@..#...######....
#.########.W>[.............#.
#.########.##O..#.##.........
#.#.....[....[.[..(..........
#.#.######.#...##......†.....
#.#.## #..#...#.[.....)...z
#....## #.##....[...########
####.#[#.####.##.###.<....).....
#....<...........# *#.#.#...#...


You could see a two-headed ogre (weak-willed) and a freezing wraith
(weak-willed).

Vanquished Creatures
  A two-headed ogre (D:8)
  An ugly thing (D:9)
  A wolf spider (shapeshifter) (D:9)
  An efreet (D:9)
  A kobold demonologist (D:9)
  A troll (D:9)
  Prince Ribbit (D:8)
  A yak (D:9)
  2 steam dragons
  Menkaure (D:6)
  Edmund (D:6)
  A water moccasin (D:5)
  4 ice beasts
  2 orc warriors
  A sky beast (D:6)
  A necrophage (D:6)
  5 centaurs
  2 ogres (D:6)
  4 kobold brigands
  7 bullfrogs
  A scorpion (D:4)
  A wyvern zombie (D:8)
  A water moccasin zombie (D:5)
  6 killer bees (D:9)
  A howler monkey (D:8)
  13 wights
  4 hounds
  2 bullfrog zombies
  A centaur zombie (D:9)
  A jelly (D:5)
  2 orc priests
  4 iguanas
  4 orc wizards
  A centaur simulacrum (D:9)
  A howler monkey zombie (D:9)
  6 gnolls (D:4)
  A howler monkey skeleton (D:4)
  5 adders
  2 shadow imps
  A white imp (D:8)
  An ufetubus (D:5)
  A worm (D:3)
  7 dart slugs
  28 orcs
  10 ball pythons
  8 bats
  7 endoplasms
  5 giant cockroaches
  32 goblins
  25 hobgoblins
  24 kobolds
  3 quokkas
  2 frilled lizards
  14 rats
264 creatures vanquished.

Vanquished Creatures (others)
  698 foxfires
  4 fungi (D:6)
  12 withered plants (D:9)
714 creatures vanquished.

Grand Total: 978 creatures vanquished

Notes
Turn   | Place    | Note
-------+----------+-------------------------------------------
     0 | D:1      | Orthodox the Demonspawn Fire Elementalist began the quest
                  | for the Orb.
     0 | D:1      | Reached XP level 1. HP: 13/13 MP: 3/3
   223 | D:1      | Gained mutation: You regenerate magic rapidly. [demonic
                  | ancestry]
   223 | D:1      | Reached XP level 2. HP: 19/19 MP: 3/5
   764 | D:1      | Reached XP level 3. HP: 24/24 MP: 4/6
   768 | D:1      | Learned a level 3 spell: Conjure Flame
  1148 | D:2      | Found a faded altar of an unknown god.
  1688 | D:2      | Gained mutation: You are partially covered in large bone
                  | plates. (SH +4) [demonic ancestry]
  1688 | D:2      | Reached XP level 4. HP: 30/30 MP: 3/8
  2161 | D:3      | Learned a level 4 spell: Sticky Flame
  2371 | D:3      | Found Jyblyk's General Store.
  2391 | D:3      | Bought a scroll of blinking for 75 gold pieces
  2683 | D:3      | Gained mutation: You are mostly covered in large bone
                  | plates. (SH +6) [demonic ancestry]
  2683 | D:3      | Reached XP level 5. HP: 35/35 MP: 9/9
  2737 | D:4      | Noticed a phantom
  2900 | D:4      | Found a staircase to the Ecumenical Temple.
  3194 | Temple   | Entered the Ecumenical Temple
  3396 | Temple   | Became a worshipper of Vehumet
  3905 | D:4      | Found a shadowy altar of Dithmenos.
  4192 | D:4      | Found a burning altar of Makhleb.
  4419 | D:4      | Reached XP level 6. HP: 36/41 MP: 5/10
  4512 | D:4      | Reached * piety under Vehumet
  4512 | D:4      | Offered knowledge of Sandblast by Vehumet.
  4818 | D:4      | Offered knowledge of Freeze by Vehumet.
  4821 | D:4      | Reached ** piety under Vehumet
  5139 | D:5      | Entered Level 5 of the Dungeon
  5163 | D:5      | Reached skill level 5 in Fire Magic
  5261 | D:5      | Noticed an ice beast
  5274 | D:5      | Killed an ice beast
  5275 | D:5      | Reached skill level 5 in Conjurations
  5275 | D:5      | Gained mutation: When hurt, damage is shared between your
                  | health and your magic reserves. [demonic ancestry]
  5275 | D:5      | Reached XP level 7. HP: 46/46 MP: 9/11
  5851 | D:6      | Gained mutation: You have a pair of small antennae on your
                  | head. [demonic ancestry]
  5851 | D:6      | Reached XP level 8. HP: 52/52 MP: 12/12
  5978 | D:6      | Offered knowledge of Searing Ray by Vehumet.
  6102 | D:6      | Noticed Edmund
  6136 | D:6      | Killed Edmund
  6243 | D:6      | You fall into a shaft and drop 2 floors!
  6298 | D:8      | Learned a level 5 spell: Fireball
  6478 | D:8      | Found Onices's General Store.
  6490 | D:8      | Bought a scroll of identify for 26 gold pieces
  6518 | D:8      | Found Reiloidgh's Retail Resort.
  6876 | D:7      | Reached *** piety under Vehumet
  7127 | D:6      | Noticed Menkaure
  7129 | D:6      | Killed Menkaure
  7275 | D:6      | Gained mutation: You have a pair of antennae on your head.
                  | [demonic ancestry]
  7275 | D:6      | Reached XP level 9. HP: 57/57 MP: 9/15
  7886 | D:6      | Offered knowledge of Dazzling Flash by Vehumet.
  9039 | D:8      | Noticed Prince Ribbit
  9150 | D:8      | Found a blossoming altar of Fedhas.
  9441 | D:8      | Killed Prince Ribbit
  9599 | D:8      | Noticed a centaur warrior
 10267 | D:8      | Noticed a two-headed ogre
 10329 | D:8      | Killed a two-headed ogre
 11050 | D:8      | Noticed a centaur warrior
 11372 | D:9      | Reached XP level 10. HP: 59/63 MP: 4/16
 11384 | D:9      | Noticed a cyclops
 11547 | D:9      | Reached skill level 10 in Conjurations
 11563 | D:9      | Reached **** piety under Vehumet
 11854 | D:9      | Reached skill level 10 in Fire Magic
 11918 | D:9      | Offered knowledge of Irradiate by Vehumet.
 11925 | D:9      | Noticed a two-headed ogre
 11986 | D:9      | Noticed a red ugly thing
 12077 | D:9      | Found a shimmering blue altar of Sif Muna.
 12339 | D:9      | Learned a level 3 spell: Stone Arrow
 12348 | D:9      | Killed a red ugly thing
 12457 | D:9      | Reached skill level 1 in Armour
 12457 | D:9      | Reached skill level 1 in Shields
 13112 | D:9      | Noticed a skeletal warrior
 13237 | D:9      | Noticed a wolf spider
 13240 | D:9      | Killed a wolf spider
 17760 | D:9      | Mangled by a freezing wraith

Illustrated notes

Levels and vault maps discovered:
D:1:      elethiomel_arrival_diamonds, layout_basic, st_stairs_2
D:2:      layout_basic, dreamdust_ecumenical_altar_angels_and_demons
D:3:      layout_rooms, serial_shops, shop
D:4:      minmay_goblin_kobold_castle, layout_cave_pools, lemuel_crystal_altar,
          mainiacjoe_overflow_six_doors_small, minmay_temple_entry_sparse_star
D:5:      layout_rooms, zin_treasury
D:6:      layout_loops_cross, water_boxes_lemuel, uniq_edmund, uniq_menkaure
D:7:      layout_loops_ring
D:8:      kennysheep_blocky_room, layout_basic, lemuel_round_altar,
          serial_shops, shop, nicolae_alphabet_shops, lightli_orcish_oven,
          uniq_prince_ribbit1
D:9:      minmay_the_grid_4x2 [minmay_the_grid_spikes,
          minmay_the_grid_minigrid_medium, minmay_the_grid_fan,
          minmay_the_grid_expand, minmay_the_grid_square_x,
          minmay_the_grid_broken_lines, minmay_the_grid_eight,
          minmay_the_grid_prize_big_room], layout_loops_ring,
          lemuel_coloured_pillars_altar, kiku_gazebo_garden_becter, uniq_harold
Temple:   eino_temple_scatter_basement

Skill      XL: |  1  2  3  4  5  6  7  8  9 10 |
---------------+-------------------------------+-----
Fire Magic     | 3 4 5 6 7 9 10 | 10.6
Conjurations   | 2 4 5 6 7 9 10 | 10.0
Spellcasting   | 3 4 |  4.0
Armour         | 3 |  3.7
Shields        | 3 |  3.7
Dodging        | |  1.7
Stealth        | |  1.7

Action                   |  1- 3 |  4- 6 |  7- 9 | 10-12 || total
-------------------------+-------+-------+-------+-------++-------
Melee: Long sword        |       |     4 |    18 |       ||    22
       Short sword       |       |       |       |     5 ||     5
 Cast: Foxfire           |    81 |   160 |   152 |    45 ||   438
       Sticky Flame      |       |     1 |    23 |     6 ||    30
       Conjure Flame     |       |       |     7 |     1 ||     8
       Fireball          |       |       |    16 |    45 ||    61
       Stone Arrow       |       |       |       |    12 ||    12
  Use: Scroll            |       |     1 |     9 |     4 ||    14
       Potion            |       |       |     2 |       ||     2
Armor: Robe              |     7 |     4 |     7 |     1 ||    19
       Steam dragon scal |       |       |       |     8 ||     8
Dodge: Dodged            |    11 |    19 |    32 |    10 ||    72
Block: Other             |       |    10 |    14 |     2 ||    26
       Buckler           |       |       |       |    15 ||    15
       Rpst.: Long sword |       |     2 |     3 |     1 ||     6
